 Dungeon Crawl Stone Soup version 0.17.0-26-gececa24 (console) character file.

324 gw the Cutter (level 6, -3/48 HPs)
             Began as a Vine Stalker Berserker on Nov 21, 2015.
             Was a Believer of Trog.
             Slain by a sky beast (5 damage)
             ... on level 5 of the Dungeon.
             The game lasted 00:03:28 (4164 turns).

gw the Cutter (Vine Stalker Berserker)              Turns: 4164, Time: 00:03:28

Health: -3/48      AC:  5    Str: 23 (25) XL:     6   Next: 48%
Magic:  0/7        EV: 12    Int:  7      God:    Trog [**....]
Gold:   255        SH:  0    Dex: 15      Spells: 0 memorised, 5 levels left

rFire  . . .     SeeInvis .     a - +0 short sword
rCold  . . .     Clarity  .     g - +0 ring mail
rNeg   . . .     SustAt   .     (no shield)
rPois  .         Gourm    .     (no helmet)
rElec  .         Spirit   +     (no cloak)
rCorr  .         Warding  .     (no gloves)
rMut   .         Stasis   .     (no boots)
MR     ++...                    (no amulet)
Stlth  ..........               (no ring)
                                (no ring)

@: berserking (expiring), lethally poisoned (-3 -> -3), regenerating, very
quick, very resistant to hostile enchantments, extremely unstealthy
A: fangs 2, talons 1, regeneration 2, spit poison 2, magic shield, antimagic
bite, no device heal 3, rot immunity, subdued magic 1
a: Spit Poison, Berserk, Trog's Hand, Burn Spellbooks, Renounce Religion


You were on level 5 of the Dungeon.
You worshipped Trog.
Trog was pleased with you.
You were not hungry.

You visited 1 branch of the dungeon, and saw 5 of its levels.

You collected 255 gold pieces.

Inventory:

Hand Weapons
 a - a +0 short sword (weapon)
Missiles
 b - 4 curare-tipped needles
 e - 107 stones
 o - a tomahawk (quivered)
Armour
 g - a +0 ring mail (worn)
Wands
 m - a wand of fire (5)
Scrolls
 d - 3 scrolls of identify
 f - a scroll of remove curse
 h - a scroll of magic mapping {unknown}
Comestibles
 c - 4 bread rations
 j - a slice of pizza
 n - a meat ration


   Skills:
 + Level 3.5 Fighting
 * Level 4.4 Short Blades
 + Level 2.2 Throwing
 - Level 1.5 Armour
 + Level 3.0 Dodging


You had 5 spell levels left.
You didn't know any spells.

Dungeon Overview and Level Annotations

Branches:
Dungeon (5/15)
 Temple: D:4-7

Altars:
Ashenzari
Gozag
Nemelex Xobeh
Qazlal
Sif Muna
Yredelemnul
Zin

Annotations:
D:5 Edmund


Innate Abilities, Weirdness & Mutations

You have extremely sharp teeth.
You heal very quickly.
When hurt, damage is shared between your health and your magic reserves.
Your bite disrupts and absorbs the magic of your enemies.
Potions and wands cannot restore your health.
You are immune to rotting.
You have sharp toenails.
You can spit poison.
Your spells are a little easier to cast, but a little less powerful.


Message History

You bite Edmund, but do no damage.
Edmund is heavily wounded.
The sky beast closely misses you. The orc hits you but does no damage.
The orc hits you but does no damage. The shadow imp barely misses you.
Edmund gestures with his flail.
Edmund zaps a wand.
You resist with almost no effort.
ATTACK MOVE TO (-1,-1)
You hit Edmund. You claw Edmund, but do no damage. You bite Edmund.
You drain his power.
You feel invigorated.
Edmund is heavily wounded.
The orc hits you with a club. The sky beast completely misses you.
The orc misses you.
ATTACK MOVE TO (-1,-1)
Your unstable footing causes you to fumble your attack.
The orc misses you. The shadow imp misses you.
Edmund hits you with a flail of protection!
ATTACK MOVE TO (-1,-1)
Your unstable footing causes you to fumble your attack.
The orc hits you with a club. The sky beast hits you. The sky beast shocks you.
You die...

....................
.......................
......................
.....................
....................
...................#
............<......#
.%..........>..@o5##
..............oof##
...............oY##
........#......Soo#
............#.....#####
........#.#....?#.....#
#...........#.#....[#.#
##........#.....#.#....
#............#.....#.#
##.......#.#.#.S.#.....


You could see Edmund, a sky beast, an adder, a shadow imp and 6 orcs.

Table legend:
 A = Turns spent in this place as a percentage of turns spent in the entire game.
 B = Non-inter-level travel turns spent in this place as a percentage of non-inter-level travel turns spent in the entire game.
 C = Inter-level travel turns spent in this place as a percentage of turns spent in this place.
 D = Turns resting spent in this place as a percentage of non-inter-level travel turns spent in this place.
 E = Turns spent auto-exploring this place as a percentage of non-inter-level travel turns spent in this place.
 F = Non-inter-level travel turns spent in this place divided by the number of levels of this place that you've seen.
                   A       B       C       D       E      F
               +-------+-------+-------+-------+-------+----------------------
         Total | 100.0 | 100.0 |   0.3 |   1.2 |   2.3 | 1256.2
       Dungeon | 100.0 | 100.0 |   0.3 |   1.2 |   2.3 | 1256.2
               +-------+-------+-------+-------+-------+----------------------

Table legend:
 A = Kills in this place as a percentage of kills in entire the game.
 B = Kills by you in this place as a percentage of kills by you in the entire game.
 C = Kills by friends in this place as a percentage of kills by friends in the entire game.
 D = Other kills in this place as a percentage of other kills in the entire game.
 E = Experience gained in this place as a percentage of experience gained in the entire game.
 F = Experience gained in this place divided by the number of levels of this place that you have seen.
                   A       B       C       D       E      F
               +-------+-------+-------+-------+-------+----------------------
         Total | 100.0 | 100.0 |  -nan |  -nan | 100.0 |  92.8
       Dungeon | 100.0 | 100.0 |  -nan |  -nan | 100.0 |  92.8
               +-------+-------+-------+-------+-------+----------------------

Vanquished Creatures
  2 orc priests
  Terence (D:2)
  A hound (D:4)
  An iguana (D:3)
  Natasha (thrice) (D:2)
  A worker ant (D:5)
  4 adders
  An ooze (D:3)
  3 worms
  9 orcs
  9 bats
  4 giant cockroaches
  4 hobgoblins
  4 jackals
  6 kobolds
  A quokka (D:2)
  2 ball pythons
  3 giant geckos
  2 giant newts (D:2)
  8 goblins
  6 rats
75 creatures vanquished.

Vanquished Creatures (others)
  An adder (D:2)
1 creature vanquished.

Grand Total: 76 creatures vanquished

Notes
Turn   | Place    | Note
--------------------------------------------------------------
     0 | D:1      | gw the Vine Stalker Berserker began the quest for the Orb.
     0 | D:1      | Reached XP level 1. HP: 11/11 MP: 2/2
   103 | D:1      | Reached XP level 2. HP: 5/16 MP: 3/3
   821 | D:2      | Reached skill level 3 in Short Blades
   848 | D:2      | Found a sparkling altar of Nemelex Xobeh.
   860 | D:2      | Noticed Terence
   872 | D:2      | Killed Terence
   872 | D:2      | Reached skill level 1 in Throwing
   872 | D:2      | Reached XP level 3. HP: 18/19 MP: 4/4
  1161 | D:2      | Noticed Natasha
  1167 | D:2      | Killed Natasha
  1167 | D:2      | Reached XP level 4. HP: 24/24 MP: 5/5
  1285 | D:2      | Found a glowing silver altar of Zin.
  1285 | D:2      | Found a deep blue altar of Sif Muna.
  1394 | D:2      | Noticed Natasha
  1407 | D:2      | Killed Natasha
  1446 | D:2      | Noticed Natasha
  1453 | D:2      | Killed Natasha
  1681 | D:2      | Found a shattered altar of Ashenzari.
  1750 | D:2      | Found a basalt altar of Yredelemnul.
  1766 | D:2      | Reached ** piety under Trog
  1845 | D:2      | Found a stormy altar of Qazlal.
  2019 | D:2      | Reached XP level 5. HP: 23/28 MP: 6/6
  2475 | D:3      | Reached skill level 4 in Short Blades
  2773 | D:3      | Found an opulent altar of Gozag.
  2992 | D:3      | Gained mutation: You heal very quickly. [Vine Stalker growth]
  2992 | D:3      | Reached XP level 6. HP: 25/32 MP: 7/7
  3339 | D:3      | Gained mutation: Your spells are a little easier to cast, but a little less powerful. [potion of mutation]
  3339 | D:3      | Gained mutation: You can spit weak poison. [potion of mutation]
  3339 | D:3      | Gained mutation: You can spit poison. [potion of mutation]
  3340 | D:3      | Gained mutation: You have sharp toenails. [potion of beneficial mutation]
  3491 | D:4      | Reached *** piety under Trog
  4116 | D:5      | Entered Level 5 of the Dungeon
  4142 | D:5      | Noticed Edmund
  4164 | D:5      | HP: 2/48 [sky beast (2)]
  4164 | D:5      | Slain by a sky beast

Action                   |  1- 3 |  4- 6 || total
-------------------------+-------+-------++-------
Melee: Short sword       |    61 |   197 ||   258
Throw: Stone             |    33 |   117 ||   150
       Tomahawk          |       |     5 ||     5
Invok: Berserk           |     2 |     3 ||     5
       Trog's Hand       |       |     1 ||     1
 Abil: Spit Poison       |       |     5 ||     5
  Use: Scroll            |     2 |     6 ||     8
       Potion            |     1 |     7 ||     8
 Stab: Sleeping          |     1 |       ||     1
  Eat: Chunk             |     2 |    10 ||    12
       Pizza             |       |     1 ||     1
       Royal jelly       |       |     1 ||     1

Vault maps used:
D:1:      dpeg_arrival_simpleton_c
D:2:      marbit_many_paths, nicolae_ashenzari_panopticon,
          nicolae_qazlal_eye_of_the_storm, gammafunk_temple_overflow_wave,
          nemelex_deck, uniq_terence, uniq_natasha
D:3:      grunt_gozag_statues
D:4:      first_bread
D:5:      kennysheep_mini_moat, hangedman_decor_points, uniq_edmund
